 Dungeon Crawl Stone Soup version 0.24.1-14-gf8d2b509d9 (webtiles) character file.

Game seed: 7446936975658655121, levelgen mode: deterministic

899 Iusername the Shield-Bearer (level 7, -2/61 HPs)
             Began as a Minotaur Fighter on Apr 7, 2022.
             Was an Initiate of Dithmenos.
             Slain by an orc
             ... wielding a +0 war axe
              (7 damage)
             ... on level 5 of the Dungeon on Aug 22, 2022.
             The game lasted 00:15:41 (3782 turns).

Iusername the Shield-Bearer (Minotaur Fighter)      Turns: 3782, Time: 00:15:42

Health: -2/61      AC: 11    Str: 22    XL:     7   Next: 79%
Magic:  6/6        EV:  9    Int:  8    God:    Dithmenos [......]
Gold:   120        SH: 10    Dex: 10    Spells: 6/6 levels left

rFire    . . .     SeeInvis .   q - +5 spear
rCold    . . .     Gourm    .   c - +0 shield
rNeg     . . .     Faith    .   b - +0 scale mail
rPois    .         Spirit   .   (helmet restricted)
rElec    .         Reflect  .   i - +1 cloak
rCorr    .         Harm     .   d - +0 pair of gloves
MR       .....                  (no boots)
Stlth    ..........             (no amulet)
HPRegen  0.20/turn              n - +3 ring of intelligence
MPRegen  0.10/turn              (no ring)

@: about to teleport
A: retaliatory headbutt, horns 2
a: Renounce Religion


You were on level 5 of the Dungeon.
You worshipped Dithmenos.
Dithmenos was noncommittal.
You were not hungry.

You visited 2 branches of the dungeon, and saw 6 of its levels.

You collected 120 gold pieces.

Inventory:

Hand Weapons
 a - a +2 long sword
 q - a +5 spear (weapon)
Armour
 b - a +0 scale mail (worn)
 c - a +0 shield (worn)
 d - a +0 pair of gloves (worn)
 i - a +1 cloak (worn)
Jewellery
 n - a +3 ring of intelligence (left hand)
Wands
 o - a wand of random effects (11)
Scrolls
 e - a scroll of teleportation
 g - 2 scrolls of magic mapping {unknown}
 h - a scroll of noise {unknown}
 j - a scroll of immolation {unknown}
 k - a scroll of blinking {unknown}
 m - 2 scrolls of amnesia {unknown}
 r - a scroll of identify
 t - a scroll of remove curse {unknown}
Potions
 l - a potion of degeneration {unknown}
 p - a potion of lignification {unknown}
 s - 2 potions of heal wounds {unknown}
Comestibles
 f - 4 rations


   Skills:
 + Level 5.1 Fighting
 + Level 5.2 Long Blades
 + Level 2.4 Polearms
 + Level 6.2 Armour
 + Level 3.2 Dodging
 + Level 0.8 Stealth
 + Level 6.3 Shields


You had 6 spell levels left.
You didn't know any spells.
Your spell library was empty.

Dungeon Overview and Level Annotations

Branches:
Dungeon (5/15)             Temple (1/1) D:4

Altars:
Ashenzari
Cheibriados
Dithmenos
Elyvilon
Fedhas
Hepliaklqana
Kikubaaqudgha
Makhleb
Nemelex Xobeh
Okawaru
Ru
Sif Muna
Trog
Uskayaw
Vehumet
Xom
Yredelemnul
Zin

Annotations:
D:1 2 exclusions


Innate Abilities, Weirdness & Mutations

You reflexively headbutt those who attack you in melee.
You have a pair of horns on your head.


Message History

The gnoll barely misses you.
You hit the gnoll. You headbutt the gnoll.
The gnoll is severely wounded.
The gnoll sergeant hits you with a +0 trident.
The gnoll barely misses you. You furiously retaliate!
You headbutt the gnoll!
You kill the gnoll!
Dithmenos accepts your kill.
The gnoll hits you from afar with a +0 spear!
* * * LOW HITPOINT WARNING * * *
The gnoll hits you but does no damage.
You eat one of the 5 rations.
That ration really hit the spot!
The orc hits you with a +0 war axe.
* * * LOW HITPOINT WARNING * * *
The gnoll sergeant hits you but does no damage.
The gnoll hits you from afar with a +0 spear.
* * * LOW HITPOINT WARNING * * *
The gnoll hits you but does no damage.
As you read the scroll of teleportation, it crumbles to dust.
You feel strangely unstable. The orc hits you with a +0 war axe!
You die...

## ... .# #....###.. ...
..# ##........# ...
#..##........# ...
#.....).......## ...##.
#..............##
...#.###...............#
.....##........†og......
...........##.g.@)......
.............##g).....$.
...##......#.#.......#..
...###.....##.#.........
...##..##...#.#.........
.#.....##.#..##..####...
.....#......##..## ##.
....###......#.##
#...##.......#.


You could see a gnoll sergeant, 2 gnolls and an orc.

Vanquished Creatures
  Eustachio (D:5)
  A water moccasin (D:5)
  A sky beast (D:5)
  A centaur (D:4)
  3 wights (D:4)
  A quasit (D:5)
  5 orc wizards
  A worker ant (D:5)
  3 gnolls (D:5)
  3 adders (D:2)
  A shadow imp (D:5)
  An ooze (D:2)
  An adder zombie (D:5)
  2 worms
  3 dart slugs
  2 leopard geckos
  9 orcs
  4 giant cockroaches
  5 goblins
  5 hobgoblins
  4 jackals (D:1)
  2 quokkas
  2 ball pythons
  7 bats
  3 frilled lizards
  8 kobolds
  4 rats (D:2)
83 creatures vanquished.

Notes
Turn   | Place    | Note
-------+----------+-------------------------------------------
     0 | D:1      | Iusername the Minotaur Fighter began the quest for the Orb.
     0 | D:1      | Reached XP level 1. HP: 19/19 MP: 0/0
    95 | D:1      | Reached XP level 2. HP: 27/27 MP: 1/1
   338 | D:1      | Found a shimmering altar of Xom.
   340 | D:1      | Found a shimmering altar of Xom.
   340 | D:1      | Found a basalt altar of Yredelemnul.
   346 | D:1      | Found a sparkling altar of Nemelex Xobeh.
   346 | D:1      | Found a shimmering blue altar of Sif Muna.
   346 | D:1      | Found a shadowy altar of Dithmenos.
   419 | D:1      | Reached XP level 3. HP: 31/33 MP: 2/2
   837 | D:2      | Reached XP level 4. HP: 40/40 MP: 3/3
  1628 | D:2      | Reached skill level 1 in Dodging
  1940 | D:3      | You fall into a shaft and drop 1 floor!
  1940 | D:4      | Noticed a centaur
  1943 | D:4      | Killed a centaur
  1943 | D:4      | Reached skill level 5 in Shields
  1943 | D:4      | Reached XP level 5. HP: 33/47 MP: 4/4
  2055 | D:4      | Reached skill level 5 in Armour
  2057 | D:4      | Reached XP level 6. HP: 45/53 MP: 5/5
  2473 | D:4      | Found a staircase to the Ecumenical Temple.
  2503 | Temple   | Entered the Ecumenical Temple
  2639 | Temple   | Became a worshipper of Dithmenos the Shadowed
  3121 | D:4      | Found a glowing silver altar of Zin.
  3127 | D:4      | Found a white marble altar of Elyvilon.
  3309 | D:5      | Entered Level 5 of the Dungeon
  3417 | D:5      | Noticed a sky beast
  3464 | D:5      | Killed a sky beast
  3464 | D:5      | Reached skill level 5 in Long Blades
  3464 | D:5      | Reached XP level 7. HP: 50/60 MP: 6/6
  3658 | D:5      | Reached skill level 1 in Polearms
  3704 | D:5      | Noticed Eustachio
  3721 | D:5      | Killed Eustachio
  3721 | D:5      | Reached skill level 5 in Fighting
  3782 | D:5      | Slain by an orc

Levels and vault maps discovered:
D:1:      minmay_arrival_widening_spiral_wide, layout_rooms, doesnt_xom_only_xom
D:2:      layout_loops_ring
D:3:      layout_loops_ring, overflow_temple_1_default, first_ration
D:4:      layout_basic, amethyst_overflow_temple_binary,
          minmay_temple_entry_purple_smoke, grunt_ministairs_4
D:5:      layout_layer_cave, uniq_eustachio
Temple:   regret_index_temple_generic_petals

Skill      XL: |  1  2  3  4  5  6  7 |
---------------+----------------------+-----
Shields        | 4 5 6 |  6.3
Fighting       | 4 5 |  5.1
Armour         | 4 5 6 |  6.2
Long Blades    | 3 4 5 |  5.2
Dodging        | 1 2 3 |  3.2
Polearms       | 2 |  2.4
Stealth        | |  0.8

Action                   |  1- 3 |  4- 6 |  7- 9 || total
-------------------------+-------+-------+-------++-------
Melee: Long sword        |    77 |    63 |       ||   140
       Headbutt          |    19 |    24 |    10 ||    53
       Spear             |       |    37 |    39 ||    76
  Use: Scroll            |     1 |     5 |     1 ||     7
       Potion            |       |     2 |       ||     2
  Eat: Ration            |     1 |       |     1 ||     2
       Chunk             |       |     4 |     2 ||     6
Armor: Scale mail        |    49 |    54 |    23 ||   126
Dodge: Dodged            |    21 |    30 |    22 ||    73
Block: Shield            |    62 |    39 |    28 ||   129
       Rpst.: Long sword |     6 |     3 |       ||     9
